Demolitions vs Sewer Rats (R1)

Created - January 31, 2019 at 19:10

Goals
1 2 3 OT1 T
Demolitions 3 0 1 0 4
Sewer Rats 0 3 1 1 5
Shots
1 2 3 OT1 T
Demolitions 11 12 7 4 34
Sewer Rats 8 15 14 1 38

1st period

1. Demolitions , Dennis Everberg 9 (Corban Knight 27) at 6:27
2. Demolitions , Jonathan Blum 4 (Seth Helgeson 7) at 10:40
3. Demolitions , Alex Hutchings 2 (Derek Forbort 4, Phil McRae 8) at 15:17

Penalties :
Mark Mancari (Tol) for Hooking (Minor) at 0:44, Michael Latta (Vic) for High sticking (Minor) at 10:52, Martin Frk (Tol) for Hooking (Minor) at 17:17, Mark Mancari (Tol) for Hooking (Minor) at 17:39

2nd period

4. Sewer Rats , Jonathan Marchessault 14 (Ville Leino 40) at 1:06
5. Sewer Rats , Martin Frk 15 (Jonathan Marchessault 26, Ville Leino 41) at 2:01
6. Sewer Rats , Ville Leino 36 (Martin Frk 12) at 8:20

Penalties :
Steven Kampfer (Tol) for Hooking (Minor) at 15:27

3rd period

7. Sewer Rats , Jonathan Huberdeau 21 (Mark Mancari 32, Steven Kampfer 21) at 17:01
8. Demolitions , Spencer Machacek 25 (Erik Cole 22, Michael Latta 37) at 19:24

Penalties :
Jonathan Blum (Vic) for Boarding (Minor) at 0:10, Erik Condra (Tol) for Elbowing (Minor) at 5:48, Erik Cole (Vic) for Interference (Minor) at 8:56

Overtime #1

9. Sewer Rats , Erik Condra 9 (Jonathan Huberdeau 27, Joel Edmundson 15) at 1:42

Penalties :
No Penalty

Goalie Stats

Connor Hellebyuk (Vic), 33 saves from 38 shots - (0.868), OTL, 12-9-3, 61:26 minutes
Marek Mazanek (Tol), 30 saves from 34 shots - (0.882), W, 29-4-3, 61:42 minutes

Players Stats for Demolitions

Player Name              G  A  P  +/- PIM S  H  SB GA TA FO     MP     PP MP  PK MP  
------------------------------------------------------------------------------------
Aaron Palushaj           0  0  0   0  0   0  1  0  0  0  0/0     9:34   0:00   0:00 
Alex Hutchings           1  0  1   0  0   1  0  0  0  0  0/0    12:42   0:17   1:41 
Andrej Nestrasil         0  0  0   1  0   1  0  0  0  0  3/3     6:23   0:00   0:13 
Brandon McMillan         0  0  0   1  0   2  1  1  0  0  0/0    16:05   3:51   0:00 
Cameron Schilling        0  0  0  -1  0   3  1  3  1  3  0/0    20:22   3:48   2:11 
Corban Knight            0  1  1   0  0   1  2  0  0  1  3/11   18:44   3:51   2:07 
Dennis Everberg          1  0  1   1  0   3  2  0  0  1  2/2    16:05   3:51   0:00 
Derek Forbort            0  1  1   0  0   1  1  1  0  0  0/0    11:02   0:00   1:08 
Dmitri Orlov             0  0  0  -1  0   2  0  1  1  0  0/0    20:49   3:48   2:26 
Erik Cole                0  1  1  -2  2   3  2  0  0  2  3/6    23:54   4:09   1:56 
Joel Vermin              0  0  0   1  0   1  1  0  0  0  1/1     6:58   0:17   0:00 
Jonathan Blum            1  0  1   0  2   4  2  2  1  1  0/0    30:02   4:30   2:23 
Michael Latta            0  1  1  -3  2   3  1  0  1  1  12/33  21:55   4:10   0:50 
Nick Shore               0  0  0   0  0   0  0  0  0  1  0/1     1:25   0:18   0:00 
Phil McRae               0  1  1   0  0   1  1  0  1  0  3/4    12:12   0:00   1:58 
Seth Helgeson            0  1  1   0  0   3  5  3  2  0  0/0    30:43   4:21   3:31 
Spencer Machacek         1  0  1  -2  0   5  2  0  0  1  4/5    24:41   4:10   2:48 
Taylor Aronson           0  0  0   0  0   0  0  1  0  0  0/0    10:37   0:09   0:15 
Taylor Leier             0  0  0   1  0   0  0  0  0  0  0/0     6:35   0:00   0:21 

Players Stats for Sewer Rats

Player Name              G  A  P  +/- PIM S  H  SB GA TA FO     MP     PP MP  PK MP  
------------------------------------------------------------------------------------
Anthony Duclair          0  0  0  -1  0   1  0  0  0  0  0/0     6:51   0:00   0:00 
Connor Carrick           0  0  0  -1  0   0  0  0  0  0  0/0     4:57   0:00   0:04 
Daniel Carr              0  0  0  -1  0   4  0  0  0  0  0/0    12:38   0:21   0:53 
Dmitrij Jaskin           0  0  0  -1  0   1  2  0  1  0  0/0     6:59   0:06   0:00 
Erik Condra              1  0  1   0  2   4  1  0  1  0  2/2    15:48   2:42   1:05 
Jarred Tinordi           0  0  0   2  0   2  0  0  1  1  0/0    20:45   2:22   3:18 
Joel Edmundson           0  1  1   2  0   0  0  2  0  0  0/0    20:09   2:22   3:04 
John Ramage              0  0  0   0  0   1  1  0  0  0  0/0     9:28   0:00   0:00 
Jonathan Huberdeau       1  1  2   1  0   4  2  0  1  1  2/3    21:08   2:42   2:32 
Jonathan Marchessault    1  1  2   3  0   4  0  0  1  1  9/13   14:04   2:42   0:00 
Mark Mancari             0  1  1  -1  4   0  1  0  3  0  0/0    22:30   2:57   2:16 
Martin Frk               1  1  2   3  2   4  1  0  1  0  0/0    13:52   0:00   2:18 
Matt Lashoff             0  0  0   0  0   3  2  3  0  2  0/0    26:32   3:35   4:56 
Nick Cousins             0  0  0  -1  0   2  0  0  1  0  2/5     6:51   0:00   0:00 
Ryan Murphy              0  0  0   0  0   0  1  0  0  1  0/0    11:20   0:00   1:29 
Steven Kampfer           0  1  1   0  2   0  3  2  1  0  0/0    25:21   3:35   3:45 
Ville Leino              1  2  3   2  0   7  4  1  0  1  6/8    20:36   3:04   4:10 
Vincent Trocheck         0  0  0  -1  0   0  1  1  0  0  10/23  20:33   3:06   1:44 
William Karlsson         0  0  0  -1  0   1  1  0  0  0  4/12   11:34   0:11   0:00 
Xavier Ouellet           0  0  0  -1  0   0  0  0  0  0  0/0     4:52   0:00   0:00 

3 Stars

1 - Ville Leino (Tol)
2 - Jonathan Marchessault (Tol)
3 - Jonathan Huberdeau (Tol)

Power Play

Demolitions - 0 on 5 Attempt(s) - 0.00%
Sewer Rats - 0 on 3 Attempt(s) - 0.00%

Penalty Kill

Demolitions - 3 on 3 Attempt(s) - 100.00% - Score 0 goal in Penalty Kill
Sewer Rats - 5 on 5 Attempt(s) - 100.00% - Score 0 goal in Penalty Kill

Team Stat

Demolitions - Hits : 22 - Faceoff Wins : 31 - Blocked Shots : 12 - Penalty Minutes : 6
Sewer Rats - Hits : 20 - Faceoff Wins : 35 - Blocked Shots : 9 - Penalty Minutes : 10

Official

Referees : Unknown
Linesman : Unknown

Game Notes

No Game Note

Finance

Level 1 -- Attendance: 1555 (77.75%) -- Ticket Income $54,425
Level 2 -- Attendance: 703 (70.30%) -- Ticket Income $11,951
Total Attendance: 2258 (75.27%)
Total Ticket Income: $66,376
Other Income: $3,319
Total Income: $69,695

Demolitions

5 vs 5 Forward 
   Center                   Left Wing                Right Wing               Time % Phy DF OF 
 1 Michael Latta            Erik Cole                Spencer Machacek         61     0   0  5  
 2 Corban Knight            Brandon McMillan         Dennis Everberg          25     1   2  2  
 3 Phil McRae               Alex Hutchings           Aaron Palushaj           10     1   2  2  
 4 Andrej Nestrasil         Taylor Leier             Joel Vermin              4      1   2  2  

5 vs 5 Defense 
   Defense                  Defense                                           Time % Phy DF OF 
 1 Jonathan Blum            Seth Helgeson                                     62     0   0  5  
 2 Cameron Schilling        Dmitri Orlov                                      24     1   2  2  
 3 Taylor Aronson           Derek Forbort                                     10     1   2  2  
 4 Jonathan Blum            Seth Helgeson                                     4      1   2  2  

PowerPlay Forward 
   Center                   Left Wing                Right Wing               Time % Phy DF OF 
 1 Michael Latta            Erik Cole                Spencer Machacek         60     0   0  5  
 2 Corban Knight            Brandon McMillan         Dennis Everberg          40     0   0  5  

PowerPlay Defense
   Defense                  Defense                                           Time % Phy DF OF 
 1 Jonathan Blum            Seth Helgeson                                     60     0   0  5  
 2 Cameron Schilling        Dmitri Orlov                                      40     0   0  5  

Penalty Kill 4 Players Forward 
   Center                   Wing                     Time % Phy DF OF 
 1 Erik Cole                Spencer Machacek         60     1   2  2  
 2 Michael Latta            Corban Knight            40     1   2  2  

Penalty Kill 4 Players Defense
   Defense                  Defense                  Time % Phy DF OF 
 1 Jonathan Blum            Seth Helgeson            60     1   2  2  
 2 Cameron Schilling        Dmitri Orlov             40     1   2  2  

Penalty Kill - 3 Players Forward 
   Forward                                           Time % Phy DF OF 
 1 Erik Cole                                         60     1   2  2  
 2 Spencer Machacek                                  40     1   2  2  

Penalty Kill - 3 Players Defense
   Defense                  Defense                  Time % Phy DF OF 
 1 Jonathan Blum            Seth Helgeson            60     1   2  2  
 2 Cameron Schilling        Dmitri Orlov             40     1   2  2  

4 vs 4 Forward 
   Center                   Wing                     Time % Phy DF OF 
 1 Erik Cole                Spencer Machacek         60     1   2  2  
 2 Michael Latta            Corban Knight            40     1   2  2  

4 vs 4 Defense
   Defense                  Defense                  Time % Phy DF OF 
 1 Jonathan Blum            Seth Helgeson            60     1   2  2  
 2 Cameron Schilling        Dmitri Orlov             40     1   2  2  

Last Minutes Offensive
   Center                   Left Wing                Right Wing               Defense                  Defense                  
   Michael Latta            Erik Cole                Spencer Machacek         Jonathan Blum            Seth Helgeson            

Last Minutes Defensive
   Center                   Left Wing                Right Wing               Defense                  Defense                  
   Michael Latta            Erik Cole                Spencer Machacek         Jonathan Blum            Seth Helgeson            

Goaltenders
Starting : Connor Hellebyuk         
Backup : Karri Ramo               

Extra Forwards
Normal : Nick Shore, Alex Hutchings, Phil McRae - PP : Nick Shore, Alex Hutchings - PK : Phil McRae
Extra Defensemen
Normal : Taylor Aronson, Derek Forbort, Cameron Schilling - PP : Taylor Aronson - PK : Derek Forbort, Cameron Schilling
Penalty Shots
Erik Cole, Spencer Machacek, Michael Latta, Corban Knight, Brandon McMillan

Scratches
Ryan Olsen (Healthy), Thomas DiPauli (Healthy), JC Lipon (Healthy), Robert Bortuzzo (Healthy), Colton Sceviour (Healthy)
Billy Sweat (Right Hand Injury), Nick Pryor (Healthy), Jake Paterson (Healthy)

Sewer Rats

5 vs 5 Forward 
   Center                   Left Wing                Right Wing               Time % Phy DF OF 
 1 Vincent Trocheck         Jonathan Huberdeau       Mark Mancari             40     1   2  2  
 2 Jonathan Marchessault    Ville Leino              Martin Frk               30     1   2  2  
 3 William Karlsson         Daniel Carr              Erik Condra              20     1   2  2  
 4 Nick Cousins             Anthony Duclair          Dmitrij Jaskin           10     1   2  2  

5 vs 5 Defense 
   Defense                  Defense                                           Time % Phy DF OF 
 1 Matt Lashoff             Steven Kampfer                                    40     1   2  2  
 2 Jarred Tinordi           Joel Edmundson                                    30     1   2  2  
 3 John Ramage              Ryan Murphy                                       20     1   2  2  
 4 Connor Carrick           Xavier Ouellet                                    10     1   2  2  

PowerPlay Forward 
   Center                   Left Wing                Right Wing               Time % Phy DF OF 
 1 Vincent Trocheck         Ville Leino              Mark Mancari             60     1   2  2  
 2 Jonathan Marchessault    Jonathan Huberdeau       Erik Condra              40     1   2  2  

PowerPlay Defense
   Defense                  Defense                                           Time % Phy DF OF 
 1 Matt Lashoff             Steven Kampfer                                    60     1   2  2  
 2 Jarred Tinordi           Joel Edmundson                                    40     1   2  2  

Penalty Kill 4 Players Forward 
   Center                   Wing                     Time % Phy DF OF 
 1 Ville Leino              Mark Mancari             60     1   2  2  
 2 Erik Condra              Jonathan Huberdeau       40     1   2  2  

Penalty Kill 4 Players Defense
   Defense                  Defense                  Time % Phy DF OF 
 1 Matt Lashoff             Steven Kampfer           60     1   2  2  
 2 Jarred Tinordi           Joel Edmundson           40     1   2  2  

Penalty Kill - 3 Players Forward 
   Forward                                           Time % Phy DF OF 
 1 Ville Leino                                       60     1   2  2  
 2 Mark Mancari                                      40     1   2  2  

Penalty Kill - 3 Players Defense
   Defense                  Defense                  Time % Phy DF OF 
 1 Matt Lashoff             Steven Kampfer           60     1   2  2  
 2 Jarred Tinordi           Joel Edmundson           40     1   2  2  

4 vs 4 Forward 
   Center                   Wing                     Time % Phy DF OF 
 1 Ville Leino              Mark Mancari             60     1   2  2  
 2 Erik Condra              Jonathan Huberdeau       40     1   2  2  

4 vs 4 Defense
   Defense                  Defense                  Time % Phy DF OF 
 1 Matt Lashoff             Steven Kampfer           60     1   2  2  
 2 Jarred Tinordi           Joel Edmundson           40     1   2  2  

Last Minutes Offensive
   Center                   Left Wing                Right Wing               Defense                  Defense                  
   Vincent Trocheck         Ville Leino              Mark Mancari             Matt Lashoff             Steven Kampfer           

Last Minutes Defensive
   Center                   Left Wing                Right Wing               Defense                  Defense                  
   Vincent Trocheck         Ville Leino              Mark Mancari             Matt Lashoff             Steven Kampfer           

Goaltenders
Starting : Marek Mazanek            
Backup : Antoine Bibeau           

Extra Forwards
Normal : Daniel Carr, William Karlsson, Martin Frk - PP : Daniel Carr, William Karlsson - PK : Martin Frk
Extra Defensemen
Normal : John Ramage, Ryan Murphy, Connor Carrick - PP : John Ramage - PK : Ryan Murphy, Connor Carrick
Penalty Shots
Ville Leino, Mark Mancari, Erik Condra, Jonathan Huberdeau, Vincent Trocheck

Scratches
Dominik Kubalik (Healthy), Josh Archibald (Healthy), Jonathan Racine (Healthy), Joseph Blandisi (Healthy), Tyler Motte (Healthy)
Chris Calhan (Healthy), Sergei Kostenko (Healthy)

% Time on Ice - Demolitions

Lines # - Real PCT - Wanted PCT - Time Play
Normal Forward
1 - 38% - 61% - 17:02
2 - 28% - 25% - 12:35
3 - 21% - 10% - 9:34
4 - 14% - 4% - 6:10
Normal Defense
1 - 49% - 62% - 22:00
2 - 31% - 24% - 13:51
3 - 21% - 10% - 9:30
4 - 0% - 4% - 0:00
PP Forward
1 - 54% - 60% - 4:27
2 - 46% - 40% - 3:51
PP Defense
1 - 54% - 60% - 4:30
2 - 46% - 40% - 3:48
PK Forward
1 - 81% - 60% - 4:50
2 - 19% - 40% - 1:07
PK Defense
1 - 63% - 60% - 3:46
2 - 37% - 40% - 2:11
PK3 Forward
1 - 0% - 60%
2 - 0% - 40%
PK3 Defense
1 - 0% - 60%
2 - 0% - 40%
44 Forward
1 - 69% - 60% - 1:10
2 - 31% - 40% - 0:32
44 Defense
1 - 69% - 60% - 1:10
2 - 31% - 40% - 0:32
Last Minute Offensive  - 0:24
Last Minute Defensive  - 0:00
Total
Forward - 61:42
Defense - 61:42

% Time on Ice - Sewer Rats

Lines # - Real PCT - Wanted PCT - Time Play
Normal Forward
1 - 35% - 40% - 15:49
2 - 25% - 30% - 11:22
3 - 25% - 20% - 11:18
4 - 15% - 10% - 6:51
Normal Defense
1 - 36% - 40% - 16:27
2 - 32% - 30% - 14:33
3 - 21% - 20% - 9:28
4 - 11% - 10% - 4:52
PP Forward
1 - 55% - 60% - 3:15
2 - 45% - 40% - 2:42
PP Defense
1 - 60% - 60% - 3:35
2 - 40% - 40% - 2:22
PK Forward
1 - 80% - 60% - 5:21
2 - 20% - 40% - 1:20
PK Defense
1 - 63% - 60% - 4:11
2 - 37% - 40% - 2:30
PK3 Forward
1 - 59% - 60% - 0:57
2 - 41% - 40% - 0:40
PK3 Defense
1 - 51% - 60% - 0:49
2 - 49% - 40% - 0:48
44 Forward
1 - 69% - 60% - 1:10
2 - 31% - 40% - 0:32
44 Defense
1 - 69% - 60% - 1:10
2 - 31% - 40% - 0:32
Last Minute Offensive  - 0:00
Last Minute Defensive  - 0:25
Total
Forward - 61:42
Defense - 61:42

Play-by-Play

1st period


0:01 of 1st period - Michael Latta wins face-off versus Vincent Trocheck in neutral zone.
0:13 of 1st period - Wrist shot by Spencer Machacek.
0:13 of 1st period - Shot Blocked by Matt Lashoff.
0:25 of 1st period - Matt Lashoff is hit by Jonathan Blum and loses puck.
0:44 of 1st period - Minor Penalty to Mark Mancari for Hooking.
0:45 of 1st period - Michael Latta wins face-off versus Ville Leino in Sewer Rats zone.
0:58 of 1st period - Jarred Tinordi is hit by Erik Cole and loses puck.
1:22 of 1st period - Jonathan Blum is hit by Erik Condra and loses puck.
2:44 of 1st period - Penalty to Mark Mancari is over, Mark Mancari is back on ice.
2:47 of 1st period - Off-side.
2:48 of 1st period - Nick Cousins wins face-off versus Nick Shore in neutral zone.
3:01 of 1st period - Nick Cousins is hit by Joel Vermin and loses puck.
3:36 of 1st period - Derek Forbort is hit by John Ramage and loses puck.
4:26 of 1st period - Wrist shot by Dmitrij Jaskin.
4:26 of 1st period - Shot Misses the Net.
5:12 of 1st period - Backhand shot by Jonathan Huberdeau.
5:12 of 1st period - Deflect By Mark Mancari.
5:12 of 1st period - Shot Misses the Net.
5:12 of 1st period - Puck is out of play.
5:13 of 1st period - Spencer Machacek wins face-off versus Jonathan Marchessault in Demolitions zone.
5:18 of 1st period - Wrist shot by Spencer Machacek.
5:18 of 1st period - Shot Misses the Net.
6:10 of 1st period - Wrist shot by Daniel Carr.
6:10 of 1st period - Shot Blocked by Jonathan Blum.
6:27 of 1st period - Wrist shot by Dennis Everberg.
6:27 of 1st period - Goal by Dennis Everberg - Demolitions : 1 - Sewer Rats : 0.
6:28 of 1st period - Jonathan Marchessault wins face-off versus Michael Latta in neutral zone.
6:41 of 1st period - Wrist shot by Ville Leino.
6:41 of 1st period - Stopped by Connor Hellebyuk with a rebound.
6:43 of 1st period - Snap shot by Jonathan Marchessault.
6:43 of 1st period - Stopped by Connor Hellebyuk with a rebound.
7:02 of 1st period - Snap shot by Corban Knight.
7:02 of 1st period - Shot Misses the Net.
7:04 of 1st period - Wrist shot by Dennis Everberg.
7:04 of 1st period - Shot Blocked by Vincent Trocheck.
7:22 of 1st period - Slapshot by Matt Lashoff.
7:22 of 1st period - Stopped by Connor Hellebyuk with a rebound.
7:24 of 1st period - Backhand shot by Matt Lashoff.
7:24 of 1st period - Stopped by Connor Hellebyuk with a rebound.
7:26 of 1st period - Slapshot by Matt Lashoff.
7:26 of 1st period - Stopped by Connor Hellebyuk with a rebound.
7:56 of 1st period - Wrist shot by Andrej Nestrasil.
7:56 of 1st period - Stopped by Marek Mazanek without a rebound.
7:57 of 1st period - Michael Latta wins face-off versus Jonathan Marchessault in Sewer Rats zone.
8:28 of 1st period - Wrist shot by Martin Frk.
8:28 of 1st period - Stopped by Connor Hellebyuk with a rebound.
8:38 of 1st period - Snap shot by Ville Leino.
8:38 of 1st period - Shot Misses the Net.
8:49 of 1st period - Off-side.
8:50 of 1st period - Corban Knight wins face-off versus Vincent Trocheck in neutral zone.
8:55 of 1st period - Wrist shot by Corban Knight.
8:55 of 1st period - Stopped by Marek Mazanek with a rebound.
8:57 of 1st period - Slapshot by Dmitri Orlov.
8:57 of 1st period - Shot Blocked by Matt Lashoff.
8:59 of 1st period - Snap shot by Dennis Everberg.
8:59 of 1st period - Stopped by Marek Mazanek without a rebound.
9:00 of 1st period - Corban Knight wins face-off versus Vincent Trocheck in Sewer Rats zone.
9:07 of 1st period - Slapshot by Brandon McMillan.
9:07 of 1st period - Stopped by Marek Mazanek without a rebound.
9:08 of 1st period - Vincent Trocheck wins face-off versus Corban Knight in Sewer Rats zone.
9:33 of 1st period - Brandon McMillan is hit by Ville Leino and loses puck.
9:40 of 1st period - Snap shot by Ville Leino.
9:40 of 1st period - Stopped by Connor Hellebyuk without a rebound.
9:41 of 1st period - Vincent Trocheck wins face-off versus Michael Latta in Demolitions zone.
10:38 of 1st period - Slapshot by Jonathan Blum.
10:38 of 1st period - Stopped by Marek Mazanek with a rebound.
10:40 of 1st period - Slapshot by Jonathan Blum.
10:40 of 1st period - Goal by Jonathan Blum - Demolitions : 2 - Sewer Rats : 0.
10:41 of 1st period - Michael Latta wins face-off versus William Karlsson in neutral zone.
10:49 of 1st period - Off-side.
10:50 of 1st period - Michael Latta wins face-off versus William Karlsson in neutral zone.
10:52 of 1st period - Minor Penalty to Michael Latta for High sticking.
10:53 of 1st period - Spencer Machacek wins face-off versus Vincent Trocheck in Demolitions zone.
12:52 of 1st period - Penalty to Michael Latta is over, Michael Latta is back on ice.
14:10 of 1st period - John Ramage is hit by Jonathan Blum and loses puck.
15:00 of 1st period - Wrist shot by Nick Cousins.
15:00 of 1st period - Stopped by Connor Hellebyuk without a rebound.
15:01 of 1st period - Phil McRae wins face-off versus Nick Cousins in Demolitions zone.
15:15 of 1st period - Slapshot by Derek Forbort.
15:15 of 1st period - Shot Misses the Net.
15:17 of 1st period - Wrist shot by Alex Hutchings.
15:17 of 1st period - Goal by Alex Hutchings - Demolitions : 3 - Sewer Rats : 0.
15:18 of 1st period - Michael Latta wins face-off versus Vincent Trocheck in neutral zone.
15:20 of 1st period - Off-side.
15:21 of 1st period - Vincent Trocheck wins face-off versus Michael Latta in neutral zone.
15:25 of 1st period - Steven Kampfer is hit by Seth Helgeson and loses puck.
16:13 of 1st period - Slapshot by Cameron Schilling.
16:13 of 1st period - Stopped by Marek Mazanek without a rebound.
16:14 of 1st period - William Karlsson wins face-off versus Michael Latta in Sewer Rats zone.
16:14 of 1st period - William Karlsson is hit by Spencer Machacek.
16:22 of 1st period - Snap shot by Daniel Carr.
16:22 of 1st period - Deflect By Michael Latta.
16:22 of 1st period - Shot Misses the Net.
16:22 of 1st period - Puck is out of play.
16:23 of 1st period - Spencer Machacek wins face-off versus Jonathan Huberdeau in Demolitions zone.
16:23 of 1st period - Spencer Machacek is hit by Mark Mancari.
16:30 of 1st period - Cameron Schilling is hit by Ryan Murphy and loses puck.
16:55 of 1st period - Snap shot by Michael Latta.
16:55 of 1st period - Shot Misses the Net.
17:13 of 1st period - Slapshot by Spencer Machacek.
17:13 of 1st period - Stopped by Marek Mazanek without a rebound.
17:14 of 1st period - Jonathan Marchessault wins face-off versus Corban Knight in Sewer Rats zone.
17:14 of 1st period - Jonathan Marchessault is hit by Dennis Everberg.
17:17 of 1st period - Minor Penalty to Martin Frk for Hooking.
17:18 of 1st period - Ville Leino wins face-off versus Corban Knight in Sewer Rats zone.
17:22 of 1st period - Dennis Everberg is hit by Steven Kampfer and loses puck.
17:39 of 1st period - Minor Penalty to Mark Mancari for Hooking.
17:40 of 1st period - Ville Leino wins face-off versus Michael Latta in Sewer Rats zone.
17:55 of 1st period - Wrist shot by Michael Latta.
17:55 of 1st period - Stopped by Marek Mazanek with a rebound.
18:10 of 1st period - Wrist shot by Corban Knight.
18:10 of 1st period - Shot Misses the Net.
19:17 of 1st period - Penalty to Martin Frk is over, Martin Frk is back on ice.
19:39 of 1st period - Penalty to Mark Mancari is over, Mark Mancari is back on ice.
19:46 of 1st period - Slapshot by Erik Condra.
19:46 of 1st period - Shot Blocked by Seth Helgeson.
Goals for this period are 3 for Demolitions vs 0 for Sewer Rats.
Shots for this period are 11 for Demolitions vs 8 for Sewer Rats.

2nd period


0:01 of 2nd period - Jonathan Marchessault wins face-off versus Michael Latta in neutral zone.
0:04 of 2nd period - Wrist shot by Ville Leino.
0:04 of 2nd period - Stopped by Connor Hellebyuk with a rebound.
0:10 of 2nd period - Ville Leino is hit by Michael Latta and loses puck.
0:27 of 2nd period - Dennis Everberg is hit by Jonathan Huberdeau and loses puck.
0:32 of 2nd period - Snap shot by Jonathan Huberdeau.
0:32 of 2nd period - Stopped by Connor Hellebyuk with a rebound.
0:56 of 2nd period - Wrist shot by Erik Condra.
0:56 of 2nd period - Stopped by Connor Hellebyuk with a rebound.
0:58 of 2nd period - Wrist shot by William Karlsson.
0:58 of 2nd period - Shot Blocked by Cameron Schilling.
1:00 of 2nd period - Wrist shot by Daniel Carr.
1:00 of 2nd period - Stopped by Connor Hellebyuk without a rebound.
1:01 of 2nd period - Jonathan Marchessault wins face-off versus Michael Latta in Demolitions zone.
1:06 of 2nd period - Slapshot by Jonathan Marchessault.
1:06 of 2nd period - Goal by Jonathan Marchessault - Demolitions : 3 - Sewer Rats : 1.
1:07 of 2nd period - Spencer Machacek wins face-off versus Vincent Trocheck in neutral zone.
1:14 of 2nd period - Wrist shot by Spencer Machacek.
1:14 of 2nd period - Stopped by Marek Mazanek with a rebound.
1:16 of 2nd period - Slapshot by Jonathan Blum.
1:16 of 2nd period - Shot Misses the Net.
1:18 of 2nd period - Slapshot by Seth Helgeson.
1:18 of 2nd period - Stopped by Marek Mazanek with a rebound.
1:22 of 2nd period - Snap shot by Michael Latta.
1:22 of 2nd period - Stopped by Marek Mazanek with a rebound.
1:32 of 2nd period - Jonathan Blum is hit by Matt Lashoff and loses puck.
1:39 of 2nd period - Slapshot by Cameron Schilling.
1:39 of 2nd period - Deflect By Brandon McMillan.
1:39 of 2nd period - Stopped by Marek Mazanek without a rebound.
1:40 of 2nd period - Jonathan Marchessault wins face-off versus Erik Cole in Sewer Rats zone.
1:47 of 2nd period - Wrist shot by Ville Leino.
1:47 of 2nd period - Stopped by Connor Hellebyuk without a rebound.
1:48 of 2nd period - Ville Leino wins face-off versus Michael Latta in Demolitions zone.
1:55 of 2nd period - Slapshot by Ville Leino.
1:55 of 2nd period - Shot Misses the Net.
1:57 of 2nd period - Snap shot by Martin Frk.
1:57 of 2nd period - Shot Blocked by Jonathan Blum.
1:59 of 2nd period - Snap shot by Jonathan Marchessault.
1:59 of 2nd period - Stopped by Connor Hellebyuk with a rebound.
2:01 of 2nd period - Wrist shot by Martin Frk.
2:01 of 2nd period - Goal by Martin Frk - Demolitions : 3 - Sewer Rats : 2.
2:02 of 2nd period - Michael Latta wins face-off versus Vincent Trocheck in neutral zone.
2:27 of 2nd period - Matt Lashoff is hit by Seth Helgeson and loses puck.
2:34 of 2nd period - Wrist shot by Ville Leino.
2:34 of 2nd period - Shot Hit the Post.
2:36 of 2nd period - Snap shot by Jonathan Marchessault.
2:36 of 2nd period - Shot Blocked by Brandon McMillan.
2:50 of 2nd period - Slapshot by Jonathan Blum.
2:50 of 2nd period - Stopped by Marek Mazanek with a rebound.
2:54 of 2nd period - Slapshot by Jonathan Blum.
2:54 of 2nd period - Shot Blocked by Joel Edmundson.
2:56 of 2nd period - Slapshot by Seth Helgeson.
2:56 of 2nd period - Shot Misses the Net.
3:06 of 2nd period - Snap shot by Andrej Nestrasil.
3:06 of 2nd period - Deflect By Joel Vermin.
3:06 of 2nd period - Stopped by Marek Mazanek with a rebound.
3:39 of 2nd period - Snap shot by Jonathan Huberdeau.
3:39 of 2nd period - Shot Misses the Net.
4:38 of 2nd period - Snap shot by Dmitrij Jaskin.
4:38 of 2nd period - Shot Misses the Net.
4:57 of 2nd period - Slapshot by Seth Helgeson.
4:57 of 2nd period - Stopped by Marek Mazanek without a rebound.
4:58 of 2nd period - Vincent Trocheck wins face-off versus Corban Knight in Sewer Rats zone.
5:23 of 2nd period - Jonathan Marchessault is hit by Spencer Machacek.
5:49 of 2nd period - Slapshot by Daniel Carr.
5:49 of 2nd period - Shot Misses the Net.
6:31 of 2nd period - Snap shot by Michael Latta.
6:31 of 2nd period - Shot Blocked by Matt Lashoff.
6:33 of 2nd period - Snap shot by Spencer Machacek.
6:33 of 2nd period - Stopped by Marek Mazanek with a rebound.
7:07 of 2nd period - Slapshot by Erik Condra.
7:07 of 2nd period - Stopped by Connor Hellebyuk without a rebound.
7:08 of 2nd period - Phil McRae wins face-off versus William Karlsson in Demolitions zone.
7:35 of 2nd period - Wrist shot by Michael Latta.
7:35 of 2nd period - Shot Misses the Net.
7:43 of 2nd period - Snap shot by Spencer Machacek.
7:43 of 2nd period - Stopped by Marek Mazanek with a rebound.
8:18 of 2nd period - Slapshot by Martin Frk.
8:18 of 2nd period - Stopped by Connor Hellebyuk with a rebound.
8:20 of 2nd period - Slapshot by Ville Leino.
8:20 of 2nd period - Goal by Ville Leino - Demolitions : 3 - Sewer Rats : 3.
8:21 of 2nd period - Vincent Trocheck wins face-off versus Michael Latta in neutral zone.
9:06 of 2nd period - Icing by Ryan Murphy.
9:07 of 2nd period - Jonathan Marchessault wins face-off versus Phil McRae in Sewer Rats zone.
9:57 of 2nd period - Snap shot by Ville Leino.
9:57 of 2nd period - Stopped by Connor Hellebyuk without a rebound.
9:58 of 2nd period - Corban Knight wins face-off versus Jonathan Marchessault in Demolitions zone.
10:05 of 2nd period - Slapshot by Jonathan Blum.
10:05 of 2nd period - Deflect By Ville Leino.
10:05 of 2nd period - Stopped by Marek Mazanek with a rebound.
10:28 of 2nd period - Off-side.
10:29 of 2nd period - Michael Latta wins face-off versus Vincent Trocheck in neutral zone.
11:04 of 2nd period - Icing by Ryan Murphy.
11:05 of 2nd period - Jonathan Marchessault wins face-off versus Spencer Machacek in Sewer Rats zone.
11:18 of 2nd period - Slapshot by Martin Frk.
11:18 of 2nd period - Stopped by Connor Hellebyuk without a rebound.
11:19 of 2nd period - Vincent Trocheck wins face-off versus Michael Latta in Demolitions zone.
12:36 of 2nd period - Slapshot by Cameron Schilling.
12:36 of 2nd period - Shot Blocked by Steven Kampfer.
12:38 of 2nd period - Snap shot by Aaron Palushaj.
12:38 of 2nd period - Shot Misses the Net.
12:40 of 2nd period - Slapshot by Cameron Schilling.
12:40 of 2nd period - Stopped by Marek Mazanek without a rebound.
12:41 of 2nd period - Jonathan Marchessault wins face-off versus Michael Latta in Sewer Rats zone.
13:51 of 2nd period - Ville Leino is hit by Derek Forbort and loses puck.
13:58 of 2nd period - Derek Forbort is hit by Martin Frk and loses puck.
14:22 of 2nd period - Off-side.
14:23 of 2nd period - Joel Vermin wins face-off versus William Karlsson in neutral zone.
14:50 of 2nd period - Wrist shot by Martin Frk.
14:50 of 2nd period - Shot Hit the Post.
14:52 of 2nd period - Wrist shot by Martin Frk.
14:52 of 2nd period - Shot Misses the Net.
14:54 of 2nd period - Wrist shot by Jonathan Marchessault.
14:54 of 2nd period - Stopped by Connor Hellebyuk with a rebound.
15:10 of 2nd period - Snap shot by Dennis Everberg.
15:10 of 2nd period - Shot Misses the Net.
15:12 of 2nd period - Slapshot by Seth Helgeson.
15:12 of 2nd period - Shot Misses the Net.
15:14 of 2nd period - Backhand shot by Jonathan Blum.
15:14 of 2nd period - Deflect By Corban Knight.
15:14 of 2nd period - Shot Misses the Net.
15:14 of 2nd period - Puck is out of play.
15:15 of 2nd period - Jonathan Huberdeau wins face-off versus Corban Knight in Sewer Rats zone.
15:22 of 2nd period - Snap shot by Corban Knight.
15:22 of 2nd period - Shot Misses the Net.
15:24 of 2nd period - Slapshot by Dennis Everberg.
15:24 of 2nd period - Stopped by Marek Mazanek without a rebound.
15:25 of 2nd period - Jonathan Huberdeau wins face-off versus Michael Latta in Sewer Rats zone.
15:27 of 2nd period - Minor Penalty to Steven Kampfer for Hooking.
15:28 of 2nd period - Ville Leino wins face-off versus Michael Latta in Sewer Rats zone.
15:54 of 2nd period - Matt Lashoff is hit by Corban Knight and loses puck.
17:21 of 2nd period - Daniel Carr is hit by Cameron Schilling and loses puck.
17:27 of 2nd period - Penalty to Steven Kampfer is over, Steven Kampfer is back on ice.
18:40 of 2nd period - Off-side.
18:41 of 2nd period - Michael Latta wins face-off versus Vincent Trocheck in neutral zone.
18:47 of 2nd period - Erik Cole is hit by Vincent Trocheck and loses puck.
19:43 of 2nd period - Wrist shot by Ville Leino.
19:43 of 2nd period - Stopped by Connor Hellebyuk without a rebound.
19:44 of 2nd period - Andrej Nestrasil wins face-off versus Nick Cousins in Demolitions zone.
Goals for this period are 0 for Demolitions vs 3 for Sewer Rats.
Shots for this period are 12 for Demolitions vs 15 for Sewer Rats.

3rd period


0:01 of 3rd period - Michael Latta wins face-off versus Vincent Trocheck in neutral zone.
0:04 of 3rd period - Jonathan Huberdeau is hit by Erik Cole and loses puck.
0:10 of 3rd period - Minor Penalty to Jonathan Blum for Boarding.
0:11 of 3rd period - Erik Cole wins face-off versus Vincent Trocheck in Demolitions zone.
0:11 of 3rd period - Erik Cole is hit by Ville Leino.
0:43 of 3rd period - Slapshot by Jarred Tinordi.
0:43 of 3rd period - Stopped by Connor Hellebyuk with a rebound.
0:45 of 3rd period - Snap shot by Jonathan Huberdeau.
0:45 of 3rd period - Deflect By Erik Condra.
0:45 of 3rd period - Stopped by Connor Hellebyuk with a rebound.
0:47 of 3rd period - Snap shot by Erik Condra.
0:47 of 3rd period - Shot Misses the Net.
1:09 of 3rd period - Slapshot by Michael Latta.
1:09 of 3rd period - Stopped by Marek Mazanek with a rebound.
2:10 of 3rd period - Penalty to Jonathan Blum is over, Jonathan Blum is back on ice.
2:21 of 3rd period - Snap shot by Dmitrij Jaskin.
2:21 of 3rd period - Stopped by Connor Hellebyuk without a rebound.
2:22 of 3rd period - Nick Cousins wins face-off versus Corban Knight in Demolitions zone.
2:23 of 3rd period - Slapshot by Anthony Duclair.
2:23 of 3rd period - Stopped by Connor Hellebyuk without a rebound.
2:24 of 3rd period - Dennis Everberg wins face-off versus William Karlsson in Demolitions zone.
2:29 of 3rd period - Erik Condra is hit by Seth Helgeson and loses puck.
2:50 of 3rd period - Seth Helgeson is hit by Jonathan Huberdeau and loses puck.
3:00 of 3rd period - Backhand shot by Jonathan Huberdeau.
3:00 of 3rd period - Stopped by Connor Hellebyuk with a rebound.
3:17 of 3rd period - Aaron Palushaj is hit by Ville Leino and loses puck.
3:34 of 3rd period - Cameron Schilling is hit by Dmitrij Jaskin.
3:58 of 3rd period - Slapshot by Dmitri Orlov.
3:58 of 3rd period - Stopped by Marek Mazanek without a rebound.
3:59 of 3rd period - Vincent Trocheck wins face-off versus Corban Knight in Sewer Rats zone.
4:22 of 3rd period - Wrist shot by Corban Knight.
4:22 of 3rd period - Shot Misses the Net.
4:24 of 3rd period - Slapshot by Cameron Schilling.
4:24 of 3rd period - Stopped by Marek Mazanek without a rebound.
4:25 of 3rd period - Jonathan Marchessault wins face-off versus Michael Latta in Sewer Rats zone.
4:59 of 3rd period - Snap shot by Aaron Palushaj.
4:59 of 3rd period - Shot Misses the Net.
5:48 of 3rd period - Minor Penalty to Erik Condra for Elbowing.
5:49 of 3rd period - Michael Latta wins face-off versus Ville Leino in Sewer Rats zone.
5:51 of 3rd period - Snap shot by Spencer Machacek.
5:51 of 3rd period - Shot Blocked by Ville Leino.
6:03 of 3rd period - Dmitri Orlov is hit by Steven Kampfer and loses puck.
6:35 of 3rd period - Martin Frk is hit by Dennis Everberg and loses puck.
7:48 of 3rd period - Penalty to Erik Condra is over, Erik Condra is back on ice.
7:58 of 3rd period - Backhand shot by Phil McRae.
7:58 of 3rd period - Stopped by Marek Mazanek with a rebound.
8:10 of 3rd period - Snap shot by Mark Mancari.
8:10 of 3rd period - Deflect By Ville Leino.
8:10 of 3rd period - Shot Blocked by Taylor Aronson.
8:10 of 3rd period - Puck is out of play.
8:11 of 3rd period - Andrej Nestrasil wins face-off versus Nick Cousins in Demolitions zone.
8:11 of 3rd period - Andrej Nestrasil is hit by Dmitrij Jaskin.
8:25 of 3rd period - Slapshot by Dmitri Orlov.
8:25 of 3rd period - Deflect By Connor Carrick.
8:25 of 3rd period - Stopped by Marek Mazanek with a rebound.
8:27 of 3rd period - Snap shot by Taylor Leier.
8:27 of 3rd period - Shot Misses the Net.
8:44 of 3rd period - William Karlsson is hit by Phil McRae and loses puck.
8:56 of 3rd period - Minor Penalty to Erik Cole for Interference.
8:57 of 3rd period - Phil McRae wins face-off versus Vincent Trocheck in Demolitions zone.
9:21 of 3rd period - Snap shot by Jonathan Huberdeau.
9:21 of 3rd period - Shot Misses the Net.
9:23 of 3rd period - Slapshot by Joel Edmundson.
9:23 of 3rd period - Shot Blocked by Seth Helgeson.
9:27 of 3rd period - Wrist shot by Jonathan Huberdeau.
9:27 of 3rd period - Stopped by Connor Hellebyuk with a rebound.
9:29 of 3rd period - Slapshot by Jarred Tinordi.
9:29 of 3rd period - Stopped by Connor Hellebyuk with a rebound.
9:44 of 3rd period - Slapshot by Corban Knight.
9:44 of 3rd period - Shot Blocked by Joel Edmundson.
10:54 of 3rd period - Phil McRae is hit by William Karlsson and loses puck.
10:56 of 3rd period - Penalty to Erik Cole is over, Erik Cole is back on ice.
11:22 of 3rd period - Icing by Derek Forbort.
11:23 of 3rd period - William Karlsson wins face-off versus Corban Knight in Demolitions zone.
11:30 of 3rd period - Daniel Carr is hit by Brandon McMillan and loses puck.
11:43 of 3rd period - Slapshot by Derek Forbort.
11:43 of 3rd period - Stopped by Marek Mazanek with a rebound.
11:49 of 3rd period - Snap shot by Michael Latta.
11:49 of 3rd period - Shot Misses the Net.
12:13 of 3rd period - Wrist shot by Nick Cousins.
12:13 of 3rd period - Stopped by Connor Hellebyuk without a rebound.
12:14 of 3rd period - Vincent Trocheck wins face-off versus Michael Latta in Demolitions zone.
12:44 of 3rd period - Off-side.
12:45 of 3rd period - Andrej Nestrasil wins face-off versus Jonathan Marchessault in neutral zone.
12:48 of 3rd period - Wrist shot by Ville Leino.
12:48 of 3rd period - Shot Misses the Net.
12:50 of 3rd period - Snap shot by Ville Leino.
12:50 of 3rd period - Shot Blocked by Dmitri Orlov.
12:52 of 3rd period - Snap shot by Ville Leino.
12:52 of 3rd period - Shot Misses the Net.
12:56 of 3rd period - Wrist shot by Ville Leino.
12:56 of 3rd period - Shot Blocked by Cameron Schilling.
12:58 of 3rd period - Snap shot by Ville Leino.
12:58 of 3rd period - Shot Misses the Net.
13:00 of 3rd period - Slapshot by John Ramage.
13:00 of 3rd period - Stopped by Connor Hellebyuk without a rebound.
13:01 of 3rd period - Vincent Trocheck wins face-off versus Michael Latta in Demolitions zone.
13:26 of 3rd period - Jonathan Blum is hit by Ville Leino and loses puck.
13:31 of 3rd period - Snap shot by Ville Leino.
13:31 of 3rd period - Shot Misses the Net.
13:55 of 3rd period - William Karlsson is hit by Aaron Palushaj and loses puck.
14:32 of 3rd period - Jonathan Huberdeau is hit by Corban Knight and loses puck.
14:59 of 3rd period - Slapshot by Ville Leino.
14:59 of 3rd period - Shot Misses the Net.
15:01 of 3rd period - Wrist shot by Martin Frk.
15:01 of 3rd period - Deflect By Ville Leino.
15:01 of 3rd period - Shot Blocked by Derek Forbort.
15:01 of 3rd period - Puck is out of play.
15:02 of 3rd period - Erik Cole wins face-off versus William Karlsson in Demolitions zone.
15:02 of 3rd period - Erik Cole is hit by Steven Kampfer.
15:08 of 3rd period - Matt Lashoff is hit by Seth Helgeson and loses puck.
15:13 of 3rd period - Snap shot by Spencer Machacek.
15:13 of 3rd period - Deflect By Michael Latta.
15:13 of 3rd period - Shot Misses the Net.
15:13 of 3rd period - Puck is out of play.
15:14 of 3rd period - Michael Latta wins face-off versus Vincent Trocheck in Sewer Rats zone.
15:41 of 3rd period - Slapshot by Erik Condra.
15:41 of 3rd period - Deflect By Daniel Carr.
15:41 of 3rd period - Stopped by Connor Hellebyuk with a rebound.
15:43 of 3rd period - Wrist shot by William Karlsson.
15:43 of 3rd period - Shot Misses the Net.
16:28 of 3rd period - Snap shot by Mark Mancari.
16:28 of 3rd period - Deflect By Vincent Trocheck.
16:28 of 3rd period - Shot Blocked by Cameron Schilling.
16:28 of 3rd period - Puck is out of play.
16:29 of 3rd period - Dennis Everberg wins face-off versus William Karlsson in Demolitions zone.
16:29 of 3rd period - Dennis Everberg is hit by Matt Lashoff.
16:43 of 3rd period - Snap shot by Daniel Carr.
16:43 of 3rd period - Stopped by Connor Hellebyuk with a rebound.
16:45 of 3rd period - Snap shot by Daniel Carr.
16:45 of 3rd period - Stopped by Connor Hellebyuk without a rebound.
16:46 of 3rd period - Vincent Trocheck wins face-off versus Michael Latta in Demolitions zone.
17:01 of 3rd period - Wrist shot by Jonathan Huberdeau.
17:01 of 3rd period - Goal by Jonathan Huberdeau - Demolitions : 3 - Sewer Rats : 4.
17:02 of 3rd period - Erik Cole wins face-off versus William Karlsson in neutral zone.
17:04 of 3rd period - Off-side.
17:05 of 3rd period - William Karlsson wins face-off versus Michael Latta in neutral zone.
17:10 of 3rd period - Slapshot by Erik Condra.
17:10 of 3rd period - Shot Misses the Net.
17:32 of 3rd period - Slapshot by Matt Lashoff.
17:32 of 3rd period - Shot Misses the Net.
17:34 of 3rd period - Slapshot by Matt Lashoff.
17:34 of 3rd period - Shot Misses the Net.
19:08 of 3rd period - Demolitions, Connor Hellebyuk is pulled from the net.
19:12 of 3rd period - Snap shot by Spencer Machacek.
19:12 of 3rd period - Shot Misses the Net.
19:14 of 3rd period - Slapshot by Erik Cole.
19:14 of 3rd period - Shot Misses the Net.
19:16 of 3rd period - Wrist shot by Michael Latta.
19:16 of 3rd period - Shot Misses the Net.
19:20 of 3rd period - Wrist shot by Michael Latta.
19:20 of 3rd period - Shot Misses the Net.
19:22 of 3rd period - Wrist shot by Erik Cole.
19:22 of 3rd period - Shot Misses the Net.
19:24 of 3rd period - Wrist shot by Spencer Machacek.
19:24 of 3rd period - Goal by Spencer Machacek - Demolitions : 4 - Sewer Rats : 4.
19:24 of 3rd period - Connor Hellebyuk from Demolitions was sent back in the game.
19:25 of 3rd period - William Karlsson wins face-off versus Michael Latta in neutral zone.
19:30 of 3rd period - Wrist shot by Erik Condra.
19:30 of 3rd period - Shot Misses the Net.
19:32 of 3rd period - Snap shot by William Karlsson.
19:32 of 3rd period - Stopped by Connor Hellebyuk with a rebound.
19:36 of 3rd period - Snap shot by William Karlsson.
19:36 of 3rd period - Shot Blocked by Seth Helgeson.
19:38 of 3rd period - Snap shot by Daniel Carr.
19:38 of 3rd period - Shot Misses the Net.
19:50 of 3rd period - Steven Kampfer is hit by Seth Helgeson and loses puck.
Goals for this period are 1 for Demolitions vs 1 for Sewer Rats.
Shots for this period are 7 for Demolitions vs 14 for Sewer Rats.

Overtime #1


0:01 of 1st overtime period - Ville Leino wins face-off versus Erik Cole in neutral zone.
0:07 of 1st overtime period - Icing by Jonathan Blum.
0:08 of 1st overtime period - Ville Leino wins face-off versus Erik Cole in Demolitions zone.
0:09 of 1st overtime period - Wrist shot by Mark Mancari.
0:09 of 1st overtime period - Shot Misses the Net.
0:47 of 1st overtime period - Wrist shot by Spencer Machacek.
0:47 of 1st overtime period - Shot Misses the Net.
0:49 of 1st overtime period - Snap shot by Erik Cole.
0:49 of 1st overtime period - Shot Blocked by Steven Kampfer.
0:51 of 1st overtime period - Wrist shot by Erik Cole.
0:51 of 1st overtime period - Shot Misses the Net.
0:53 of 1st overtime period - Snap shot by Erik Cole.
0:53 of 1st overtime period - Stopped by Marek Mazanek with a rebound.
0:55 of 1st overtime period - Slapshot by Seth Helgeson.
0:55 of 1st overtime period - Stopped by Marek Mazanek with a rebound.
0:57 of 1st overtime period - Wrist shot by Erik Cole.
0:57 of 1st overtime period - Stopped by Marek Mazanek with a rebound.
1:09 of 1st overtime period - Wrist shot by Erik Cole.
1:09 of 1st overtime period - Stopped by Marek Mazanek without a rebound.
1:10 of 1st overtime period - Erik Condra wins face-off versus Michael Latta in Sewer Rats zone.
1:18 of 1st overtime period - Off-side.
1:19 of 1st overtime period - Erik Condra wins face-off versus Michael Latta in neutral zone.
1:34 of 1st overtime period - Slapshot by Michael Latta.
1:34 of 1st overtime period - Shot Misses the Net.
1:42 of 1st overtime period - Wrist shot by Erik Condra.
1:42 of 1st overtime period - Goal by Erik Condra - Demolitions : 4 - Sewer Rats : 5.
Goals for this period are 0 for Demolitions vs 1 for Sewer Rats.
Shots for this period are 4 for Demolitions vs 1 for Sewer Rats.